AoeStats
← 听风昕宇

Nomad

504494926Analyzed
4v4 RM · 27d ago on Sep 5, 2026· 30m 19s· 8 players
Game mode
Random Map
Map size
231×231
Population
200
Speed
Normal
Resources
Standard
Victory
Conquest
Starting age
Dark Age
Ending age
Imperial Age
RankedLock teamsTeams togetherTeam positionsShared explorationLock speedFull tech treeHidden civsTurbo modeCheats
Victory
Defeat
🇦🇷 Celts · Argentina
1758
+7
🇨🇳 Maya · China
1672
+10
🇪🇸 Japanese · Spain
1640
+11
🇨🇳 Malay · China
1534
+15
🇺🇸 Malians · United States
1578
-12
🇲🇽 Bulgarians · Mexico
1562
-12
🇨🇳 Tatars · China
1507
-10
🇹🇼 Hindustanis · Taiwan
1496
-9
CAXCAN
4:41 Loom
15:17 Feudal Age
19:07 Castle Age
19:09 Forging
22:57 Scale Mail Armor
23:28 Fletching
25:03 Squires
26:25 Scale Barding Armor
29:29 Pikeman
boo
4:43 Loom
15:46 Feudal Age
16:13 Double-Bit Axe
20:11 Castle Age
21:04 Scale Mail Armor
22:33 Fletching
24:12 Bow Saw
25:50 Squires
27:40 Wheelbarrow
虞小梅
4:37 Loom
14:36 Feudal Age
19:48 Castle Age
27:27 Double-Bit Axe
逸丶然
5:47 Loom
13:28 Feudal Age
14:44 Town Watch
18:33 Castle Age
18:53 Double-Bit Axe
18:51 Horse Collar
19:54 Fletching
21:26 Bodkin Arrow
23:28 Bow Saw
钢铁直男
7:11 Loom
14:01 Feudal Age
20:22 Castle Age
20:21 Double-Bit Axe
20:25 Town Watch
20:29 Pikeman
22:58 Fletching
27:06 Fishing Lines
沉香
4:43 Loom
14:34 Feudal Age
15:34 Double-Bit Axe
15:37 Fishing Lines
18:10 Castle Age
19:03 Medium Warships
20:14 Bow Saw
19:57 Gold Mining
20:35 Gillnets
20:55 Town Watch
21:56 Wheelbarrow
23:13 Fletching
29:21 Imperial Age
27:54 Bodkin Arrow
29:20 Scale Mail Armor
听风昕宇
7:03 Loom
13:22 Feudal Age
17:11 Castle Age
15:24 Double-Bit Axe
17:01 Forging
17:18 Light Cavalry
24:11 Wheelbarrow
24:43 Bow Saw
25:56 Stone Mining
33:27 Imperial Age
犹大sama
5:17 Loom
15:46 Feudal Age
16:47 Double-Bit Axe
19:34 Castle Age
18:04 Double-Bit Axe
18:40 Fishing Lines
19:09 Fletching
21:52 Bodkin Arrow
24:28 Wheelbarrow
24:28 Crossbowman
27:22 Gold Mining
28:44 Town Watch
28:55 Horse Collar
30:33 Bow Saw
Connection lost

Rejoining the realm…

Still unreachable

The connection could not be restored.

Session expired

The server has moved on; the page needs a fresh start.